 Dungeon Crawl Stone Soup version 0.18-a0-1197-g8004e50 (webtiles) character file.

119 Duffy the Insei (level 4, 38/38 HPs)
             Began as a Draconian Monk on Jan 30, 2016.
             Quit the game on level 3 of the Dungeon.
             The game lasted 00:01:55 (1587 turns).

Duffy the Insei (Draconian Monk)                    Turns: 1587, Time: 00:01:56

Health: 38/38      AC:  6    Str: 14    XL:     4   Next: 74%
Magic:  0/4        EV: 13    Int: 10    God:
Gold:   98         SH:  0    Dex: 14    Spells: 0 memorised, 3 levels left

rFire  . . .     SeeInvis .       - Unarmed
rCold  . . .     Gourm    .     (armour unavailable)
rNeg   . . .     Faith    .     (no shield)
rPois  .         Spirit   .     (helmet restricted)
rElec  .         Dismiss  .     (no cloak)
rCorr  .         Reflect  .     (no gloves)
SustAt .         Harm     .     k - +0 pair of boots
MR     .....                    h - amulet of inaccuracy (curse)
Stlth  ++........               (no ring)
                                (no ring)

@: about to teleport, very slightly contaminated, not resistant to hostile
enchantments, unstealthy
A: unfitting armour, cold-blooded, AC +5
a: no special abilities


You were on level 3 of the Dungeon.
You were not hungry.

You visited 1 branch of the dungeon, and saw 3 of its levels.

You collected 98 gold pieces.


Innate Abilities, Weirdness & Mutations

Your plain brown scales are hard (AC +5).
Your body does not fit into most forms of armour.
You are cold-blooded and may be slowed by cold attacks.


   Skills:
 - Level 3.2 Fighting
 - Level 2.6 Dodging
 - Level 1.7 Stealth
 + Level 6.2 Unarmed Combat


You had 3 spell levels left.
You didn't know any spells.

Inventory:

Missiles
 j - 24 poisoned needles
Armour
 k - a +0 pair of boots (worn)
Jewellery
 h - a cursed amulet of inaccuracy (around neck)
 o - an uncursed amulet of guardian spirit
Scrolls
 b - a scroll of magic mapping
 c - a scroll of amnesia
 d - 2 scrolls of fear
Potions
 i - a potion of curing {unknown}
Comestibles
 a - a bread ration
 l - a meat ration
 n - 4 fruits

Dungeon Overview and Level Annotations

Branches:
Dungeon (3/15)

Altars:
Nemelex Xobeh
Pakellas


Message History

No target in view!
No target in view!
Put on which piece of jewellery? (? for menu, Esc to quit)
You feel your power drawn to a protective spirit.
o - an amulet of guardian spirit (around neck) Put on which piece of jewellery? (? for menu, Esc to quit)
You remove your amulet of guardian spirit.
Oops, that amulet feels deathly cold.
h - a cursed amulet of inaccuracy (around neck) Read which item? (? for menu, Esc to quit)
As you read the scroll labeled LIMNEA QUYSOMY, it crumbles to dust.
You assume a fearsome visage.
Nothing appears to happen.
It was a scroll of fear.
Read which item? (? for menu, Esc to quit)
As you read the scroll labeled MOISAG MATTIP, it crumbles to dust.
It is a scroll of identify.
Identify which item? (\ to view known items) (? for menu, Esc to quit)
b - a scroll of magic mapping Read which item? (? for menu, Esc to quit)
Identify which item? (\ to view known items) (? for menu, Esc to quit)
As you read the scroll of identify, it crumbles to dust.
c - a scroll of amnesia Read which item? (? for menu, Esc to quit)
As you read the scroll labeled ZULESE MOCZI, it crumbles to dust.
You feel strangely unstable.
It was a scroll of teleportation.
Read which item? (? for menu, Esc to quit)
As you read the scroll labeled CIKHLELLE ESIW, it crumbles to dust.
The scroll dissolves into smoke.
It was a scroll of fog.
Read which item? (? for menu, Esc to quit)
Blink to where?
Press: ? - help, Dir - move target cursor You are very lightly contaminated with residual magic.
As you read the scroll labeled ZUBBUCZA JAKO, it crumbles to dust.
It was a scroll of blinking.
Are you sure you want to abandon this character and quit the game? (Confirm with "yes".)

.... .. ...## .#
#...# .# #...#
.##### #...#
..... #.>.# ...
#...######0#
#####..[##00@00#
#......#.#0###0#
#......#.#0# .#
##......#.#.# .#
#.(.......#.# .#
#(#####_#.#.# .#
#(# #.#.#.# .#
#.# #.#.#.# .#
#.#####.#.#.#


There were no monsters in sight!

Action                   |  1- 3 |  4- 6 || total
-------------------------+-------+-------++-------
Melee: Unarmed           |    94 |    69 ||   163
  Use: Scroll            |       |     6 ||     6
 Stab: Sleeping          |     3 |     2 ||     5
  Eat: Chunk             |       |     2 ||     2

Notes
Turn   | Place    | Note
--------------------------------------------------------------
     0 | D:1      | Duffy the Draconian Monk began the quest for the Orb.
     0 | D:1      | Reached XP level 1. HP: 19/19 MP: 1/1
   147 | D:1      | Reached XP level 2. HP: 21/26 MP: 2/2
   521 | D:2      | Reached skill level 5 in Unarmed Combat
   529 | D:2      | Reached XP level 3. HP: 29/31 MP: 3/3
   884 | D:2      | Reached XP level 4. HP: 38/38 MP: 4/4
  1327 | D:2      | Reached skill level 6 in Unarmed Combat
  1433 | D:2      | Found an oddly glowing altar of Pakellas.
  1513 | D:3      | Found a sparkling altar of Nemelex Xobeh.
  1587 | D:3      | Quit the game

Vault maps used:
D:1:      eino_arrival_water_cross
D:2:      marbit_many_paths, kennysheep_generic_room_16
D:3:      lemuel_coloured_pillars_altar, yredelemnul_forgotten_temple_becter,
          first_bread, kennysheep_minor_cross, nemelex_deck, uniq_iyjb,
          uniq_terence

Vanquished Creatures
  3 gnolls
  2 adders
  An ooze
  2 worms
  2 giant geckos
  11 bats
  5 giant cockroaches
  4 goblins
  12 hobgoblins
  2 jackals
  6 kobolds
  2 ball pythons
  4 giant newts
  A rat
57 creatures vanquished.
